 Dungeon Crawl Stone Soup version 0.30-a0-459-g9104f0fc43 (webtiles) character file.

Game seed: 10947334943394273504

154 pokeman the Magician (level 5, -1/29 HPs)
             Began as a Deep Elf Hedge Wizard on Dec 15, 2022.
             Slain by an orc
             ... wielding a +0 hand axe
              (5 damage)
             ... on level 3 of the Dungeon.
             The game lasted 00:05:07 (2847 turns).

pokeman the Magician (Deep Elf Hedge Wizard)        Turns: 2847, Time: 00:05:07

Health: -1/29      AC:  4    Str:  7    XL:     5   Next: 13%
Magic:  0/15       EV: 12    Int: 21    God:
Gold:   109        SH:  0    Dex: 20    Spells: 4/16 levels left

rFire   . . .      SeeInvis .    a - +0 dagger
rCold   . . .      Faith    .    (no shield)
rNeg    . . .      Spirit   .    q - +0 leather armour
rPois   .          Reflect  .    c - +0 hat
rElec   .          Harm     .    (no cloak)
rCorr   .          Rampage  .    (no gloves)
Will    .....                    r - +0 pair of boots
Stlth   ++........               (no amulet)
HPRegen 0.24/turn                h - +6 ring of dexterity
MPRegen 0.14/turn                (no ring)

@: no status effects
A: no striking features
a: no special abilities


You were on level 3 of the Dungeon.
You visited 1 branch of the dungeon, and saw 3 of its levels.

You collected 109 gold pieces.

Inventory:

Hand Weapons
 a - a +0 dagger (weapon)
Armour
 c - a +0 hat (worn)
 q - a +0 leather armour (worn)
 r - a +0 pair of boots (worn)
Magical Staves
 t - a staff of air
Jewellery
 h - a +6 ring of dexterity (left hand)
Scrolls
 b - a scroll of fear {unknown}
 f - 2 scrolls of identify {unknown}
 i - a scroll of vulnerability {unknown}
 j - a scroll of torment {unknown}
 k - 2 scrolls of teleportation {unknown}
 l - a scroll of magic mapping {unknown}
 n - a scroll of fog {unknown}
 p - a scroll of brand weapon {unknown}
 s - a scroll of enchant weapon {unknown}
Potions
 d - a potion of magic
 e - a potion of cancellation {unknown}
 g - a potion of might {unknown}
 m - a potion of berserk rage {unknown}
 o - a potion of curing {unknown}


   Skills:
 - Level 1.0 Fighting
 - Level 1.0 Armour
 - Level 3.0 Dodging
 - Level 3.1 Stealth
 * Level 6.0 Spellcasting
 + Level 2.6 Conjurations
 - Level 1.1 Summonings
 - Level 1.1 Translocations
 + Level 0.0 Air Magic
 + Level 0.0 Poison Magic


You had 4 spell levels left.
You knew the following spells:

 Your Spells              Type           Power      Damage    Failure   Level
a - Magic Dart            Conj           68%        1d6       4%          1
b - Mephitic Cloud        Conj/Pois/Air  10%        N/A       30%         3
c - Call Imp              Summ           10%        N/A       14%         2
d - Blink                 Tloc           20%        N/A       14%         2
e - Shock                 Conj/Air       44%        1d5       9%          1
f - Swiftness             Air            6%         N/A       38%         3

Your spell library contained the following spells:

 Spells                   Type           Power      Damage    Failure   Level
 Slow                     Hex            24%        N/A       14%         1
 Cigotuvi's Dreadful Rot  Necr/Pois/Air  12%        N/A       22%         2
 Airstrike                Air            3%         2d(1-17)  80%         4


Dungeon Overview and Level Annotations

Branches:
Dungeon (3/15)

Altars:


Message History

Unknown command.
Casting: Shock (safe; 9% risk of failure)
Confirm with . or Enter, or press ? or * to list all spells.
Aiming: Shock (safe; 9% risk of failure)
Press: ? - help, Shift-Dir - straight line You miscast Shock.
You are very lightly contaminated with residual magic.
Nothing appears to happen.
The endoplasm hits you but does no damage.
Unknown command.
Casting: Shock (safe; 9% risk of failure)
Confirm with . or Enter, or press ? or * to list all spells.
You don't have enough magic to cast this spell.
Unknown command.
You hit the endoplasm but do no damage.
The endoplasm is moderately wounded.
The endoplasm freezes you.
You are frozen.
* * * LOW HITPOINT WARNING * * *
You hit the endoplasm.
The endoplasm is heavily wounded.
The endoplasm freezes you.
You are frozen.
* * * LOW HITPOINT WARNING * * *
You hit the endoplasm.
You kill the endoplasm!
Your magical contamination has completely faded away.
An orc comes into view. It is wielding a +0 hand axe.
An endoplasm comes into view.
The endoplasm moves out of view.
The orc attacks as you move away! The orc closely misses you.
Casting: Shock (safe; 9% risk of failure)
Confirm with . or Enter, or press ? or * to list all spells.
A beastly little devil appears in a puff of flame.
The orc hits you with a +0 hand axe.
* * * LOW HITPOINT WARNING * * *
You hit the orc.
The orc is moderately wounded.
The orc hits you with a +0 hand axe.
You die...

....##...###.## ...........
##...........###..........
#......##.................
#...##...#).............#
#............##....#.#..##
###...........)<†..........#
.........)......###..#†....#
##......[.#................#
#........#@#...##.........#
........)..o#.......#......#
#.#......5......###.##.....#
#.#........##...# #.##(..(.#
...............# #.##.....#
# ...........#..##
#.##.....# ....##..##......#
#.##.....# ........#.†.##.##
#.# #### ....##.#..####.#
#.#


You could see an orc (ally target) and a friendly crimson imp (summoned).

Vanquished Creatures
  An orc priest (D:3)
  A gnoll (D:1)
  4 adders
  2 worms (D:2)
  2 dart slugs
  An orc (D:3)
  2 ball pythons
  9 endoplasms
  4 giant cockroaches
  9 goblins
  9 hobgoblins
  A quokka (D:1)
  8 bats
  5 frilled lizards
  4 kobolds
  4 rats
66 creatures vanquished.

Notes
Turn   | Place    | Note
-------+----------+-------------------------------------------
     0 | D:1      | pokeman the Deep Elf Hedge Wizard began the quest for the
                  | Orb.
     0 | D:1      | Reached XP level 1. HP: 10/10 MP: 7/7
   301 | D:1      | Reached XP level 2. HP: 16/16 MP: 5/9
   598 | D:1      | Found a faded altar of an unknown god.
   677 | D:1      | Reached skill level 5 in Spellcasting
   971 | D:1      | Reached XP level 3. HP: 20/20 MP: 5/11
   975 | D:1      | Learned a level 3 spell: Mephitic Cloud
   978 | D:1      | Learned a level 2 spell: Call Imp
   981 | D:1      | Learned a level 2 spell: Blink
   985 | D:1      | Learned a level 3 spell: Swiftness
  1426 | D:2      | Reached skill level 1 in Fighting
  1583 | D:2      | Reached skill level 1 in Armour
  1959 | D:2      | Reached XP level 4. HP: 25/25 MP: 11/13
  2342 | D:2      | Learned a level 1 spell: Shock
  2825 | D:3      | Reached skill level 6 in Spellcasting
  2825 | D:3      | Reached XP level 5. HP: 10/29 MP: 1/15
  2847 | D:3      | Slain by an orc

Illustrated notes

Levels and vault maps discovered:
D:1:      heliophobic_arrival_ceremonial_halls, layout_loops_ring,
          chequers_ecumenical_altar_grove
D:2:      layout_loops_ring, minmay_goblin_kobold_house
D:3:      layout_rooms

Skill      XL: |  1  2  3  4 |
---------------+-------------+-----
Spellcasting   | 5 6 |  6.0
Fighting       | 1 |  1.0
Conjurations   | 2 |  2.6
Armour         | 1 |  1.0
Stealth        | 3 |  3.1
Dodging        | 3 |  3.0
Summonings     | |  1.1
Translocations | |  1.1

Action                   |  1- 3 |  4- 6 || total
-------------------------+-------+-------++-------
Melee: Dagger            |     4 |    12 ||    16
 Cast: Magic Dart        |   115 |    41 ||   156
       Shock             |       |    28 ||    28
       Mephitic Cloud    |       |     2 ||     2
       Call Imp          |       |     1 ||     1
 Stab: Confused          |       |     1 ||     1
Armor: Robe              |     5 |     7 ||    12
       Leather armour    |       |     3 ||     3
Dodge: Dodged            |    15 |    27 ||    42

Table legend: (Time is in decaauts)
 A = Elapsed time spent in this place.
 B = Non-inter-level travel time spent in this place.
 C = Inter-level travel time spent in this place.
 D = Time resting spent in this place.
 E = Time spent auto-exploring this place.
 F = Levels seen in this place.
 G = Mean time per level.
                   A        B        C        D        E       F      G
               +--------+--------+--------+--------+--------+-----+--------+
         Total |   2847 |   2812 |     35 |    152 |   2265 |   3 |  949.0 |
       Dungeon |   2847 |   2812 |     35 |    152 |   2265 |   3 |  949.0 |
               +--------+--------+--------+--------+--------+-----+--------+

Top non-repeatable levels by time:
     D:1: 1409 daAuts
     D:2: 1187 daAuts
     D:3: 250 daAuts
